 Dungeon Crawl Stone Soup version 0.28.0-43-g3370ac3207 (webtiles) character file.

Game seed: 5459785020563100939

193166 pkoi the Warrior (level 18, -2/173 HPs)
             Began as a Minotaur Gladiator on Mar 3, 2022.
             Was an Elder of Qazlal.
             Collided with a stone wall (10 damage)
             ... caused by a wretched star
             ... on level 2 of the Abyss.
             The game lasted 01:20:10 (55775 turns).

pkoi the Warrior (Minotaur Gladiator)              Turns: 55775, Time: 01:20:11

Health: -2/173     AC: 35    Str: 27    XL:     18   Next: 6%
Magic:  25/29      EV: 13    Int: 11    God:    Qazlal [****..]
Gold:   4245       SH: 10    Dex: 12    Spells: 17/17 levels left

rFire   . . .      SeeInvis +   t - +0 great sword
rCold   + . .      Faith    .   (shield currently unavailable)
rNeg    . . .      Spirit   .   h - +3 plate armour {rPois}
rPois   +          Reflect  +   m - +3 crown of Dyrovepreva {rElec Int+2 SInv}
rElec   +          Harm     .   U - +0 cloak "Qoxzesei" {Rampage rC+ Int+4}
rCorr   .          Rampage  +   i - +1 pair of gloves
Will    +....                   Y - +2 pair of boots
Stlth   ..........              V - amulet of reflection
HPRegen 0.38/turn               J - +4 ring of protection
MPRegen 0.21/turn               E - +4 ring of evasion

@: studying Maces & Flails, repel missiles
A: horns 2, retaliatory headbutt
a: Renounce Religion, Upheaval, Elemental Force


You were on level 2 of the Abyss.
You worshipped Qazlal.
Qazlal was greatly pleased with you.
You visited 7 branches of the dungeon, and saw 32 of its levels.
You visited the Abyss 1 time.
You also visited: Ice Cave.

You collected 5309 gold pieces.
You spent 1064 gold pieces at shops.

Inventory:

Hand Weapons
 a - a +4 scimitar of flaming
 b - a +3 longbow of flaming
 f - the +6 arbalest "Damnation" {damnation}
   (You found it on level 1 of the Elven Halls)

   Any ammunition fired from it explodes in a burst of damnation on striking a
   foe, dealing damage which bypasses armour.
 t - a +0 great sword (weapon)
Missiles
 d - 414 bolts
 T - 758 arrows
Armour
 g - the +5 scale mail "Yzeqisar" {rF+}
   (You bought it in a shop on level 2 of the Orcish Mines)

   rF:        It protects you from fire.
 h - a +3 plate armour of poison resistance (worn)
 i - a +1 pair of gloves (worn)
 m - the +3 crown of Dyrovepreva (worn) {rElec Int+2 SInv}
   (You acquired it on level 6 of the Lair of Beasts)

   Int:       It affects your intelligence (+2).
   rElec:     It insulates you from electricity.
   SInv:      It lets you see invisible.
 U - the +0 cloak "Qoxzesei" (worn) {Rampage rC+ Int+4}
   (You bought it in a shop on level 13 of the Dungeon)

   Int:       It affects your intelligence (+4).
   rC:        It protects you from cold.
   Rampage:   It bestows one free step when moving towards enemies.
 Y - a +2 pair of boots (worn)
Jewellery
 c - a ring of flight
 j - the ring "Naumoxeiff" {EV+4 Int+4}
   (You found it on level 1 of the Elven Halls)

   [ring of evasion]

   EV:        It affects your evasion (+4).
   Int:       It affects your intelligence (+4).
 q - a ring of positive energy
 E - a +4 ring of evasion (right hand)
 H - an amulet of faith
 J - a +4 ring of protection (left hand)
 Q - an amulet of magic regeneration
 V - an amulet of reflection (around neck)
 Z - a ring of see invisible
Wands
 k - a wand of digging (8)
 x - a wand of flame (66) (quivered)
 z - a wand of mindburst (10)
 F - a wand of iceblast (21)
 G - a wand of polymorph (18)
 I - a wand of acid (9)
 M - a wand of paralysis (18)
Scrolls
 o - 4 scrolls of enchant weapon
 r - a scroll of holy word
 u - a scroll of brand weapon
 v - a scroll of blinking
 y - 4 scrolls of enchant armour
 A - 7 scrolls of teleportation
 K - a scroll of silence
 L - 7 scrolls of magic mapping
 O - 3 scrolls of fog
 P - 2 scrolls of fear
 R - a scroll of amnesia
 S - 4 scrolls of summoning
Potions
 e - 2 potions of flight
 l - 3 potions of invisibility
 n - 4 potions of cancellation
 p - 3 potions of brilliance
 s - 3 potions of might
 w - 8 potions of curing
 B - 4 potions of heal wounds
 C - 2 potions of magic
 D - a potion of haste
 N - 6 potions of ambrosia
 W - 4 potions of resistance
 X - 3 potions of berserk rage


   Skills:
 - Level 18.5 Fighting
 + Level 17.5 Long Blades
 + Level 14.5 Bows
 + Level 11.8 Crossbows
 - Level 2.0 Throwing
 + Level 15.3 Armour
 + Level 3.7 Dodging
 + Level 17.3 Invocations
 - Level 3.0 Evocations


You had 17 spell levels left.
You didn't know any spells.
Your spell library contained the following spells:

 Spells                   Type           Power      Damage    Failure   Level
 Animate Skeleton         Necr           0%         N/A       92%         1
 Foxfire                  Conj/Fire      0%         2x1d4     92%         1
 Pain                     Necr           0%         1d4       92%         1
 Corpse Rot               Necr/Air       0%         N/A       98%         2
 Conjure Flame            Conj/Fire      0%         6-21      100%        3
 Ignite Poison            Fire/Tmut/Pois 0%         N/A       100%        3
 Inner Flame              Hex/Fire       0%         N/A       100%        3
 Mephitic Cloud           Conj/Pois/Air  0%         N/A       100%        3
 Tukima's Dance           Hex            0%         N/A       100%        3
 Vampiric Draining        Necr           0%         2d6       100%        3
 Dispel Undead            Necr           0%         3d6       100%        4
 Flame Wave               Conj/Fire      0%         2d4       100%        4
 Passage of Golubria      Tloc           0%         N/A       100%        4
 Petrify                  Tmut/Erth      0%         N/A       100%        4
 Summon Ice Beast         Ice/Summ       0%         N/A       100%        4
 Summon Lightning Spire   Summ/Air       0%         N/A       100%        4
 Freezing Cloud           Conj/Ice/Air   0%         6-21      100%        5
 Metabolic Englaciation   Hex/Ice        0%         N/A       100%        5
 Summon Mana Viper        Hex/Summ       0%         N/A       100%        5
 Yara's Violent Unravell  Hex/Tmut       0%         3d3       100%        5
 Death Channel            Necr           0%         N/A       100%        6
 Statue Form              Tmut/Erth      0%         N/A       100%        6
 Monstrous Menagerie      Summ           0%         N/A       100%        7
 Borgnjor's Revivificati  Necr           0%         N/A       100%        8
 Necromutation            Tmut/Necr      0%         N/A       100%        8
 Summon Horrible Things   Summ           0%         N/A       100%        8
 Death's Door             Necr           0%         N/A       100%        9


Dungeon Overview and Level Annotations

Branches:
Dungeon (15/15)            Temple (1/1) D:6            Lair (6/6) D:9
 Shoals (3/4) Lair:3        Snake (4/4) Lair:3        Slime (0/5) Lair:6
    Orc (2/2) D:10            Elf (1/3) Orc:2        Vaults (0/5) D:13
  IceCv (visited)
 Depths: D:15

Altars:
Ashenzari
Cheibriados
Dithmenos
Elyvilon
Fedhas
Gozag
Hepliaklqana
Kikubaaqudgha
Makhleb
Nemelex Xobeh
Okawaru
Qazlal
Ru
Sif Muna
Trog
Uskayaw
Vehumet
Wu Jian
Xom
Yredelemnul
Zin
The Shining One
Beogh
Jiyva

Shops:
D:2 (   D:10 ((   D:12 [   D:13 [   Orc:2 *=*[   Elf:1 (   Snake:4 :[

Portals:
Pandemonium: Orc:2
Trove: D:10 (show slimy rune of Zot)

Annotations:
Lair:5 2 transporters, demenzo's ghost, journeyman DjTm
Lair:6 1 runed translucent door


Innate Abilities, Weirdness & Mutations

You have a pair of horns on your head.
You reflexively headbutt those who attack you in melee.


Message History

You rampage towards the quasit!
You slash the quasit!
The quasit is heavily wounded.
You block the quasit's attack. x2; The quasit barely misses you.
You miss the quasit. Your headbutt misses the quasit.
The quasit is heavily wounded.
The quasit closely misses you. The quasit barely misses you.
The quasit claws you but does no damage.
You barely miss the quasit. Your headbutt misses the quasit.
The quasit is heavily wounded.
A black mamba simulacrum comes into view.
The quasit barely misses you. x2
The quasit claws you but does no damage.
A cacodemon comes into view.
You hit the quasit but do no damage. You headbutt the quasit.
The quasit is almost dead.
The quasit bites you but does no damage.
The quasit claws you but does no damage.
You block the quasit's attack.
You slash the quasit!
You kill the quasit!
That felt strangely unrewarding.
The ufetubus barely misses you.
You block the ufetubus's attack. x2; The ufetubus barely misses you.
You hit the ufetubus. Your headbutt misses the ufetubus.
The ufetubus is moderately wounded.
You block the ufetubus's attack.
The ufetubus hits you but does no damage.
A raiju comes into view.
You hit the ufetubus but do no damage. Your headbutt misses the ufetubus.
The ufetubus is moderately wounded.
You block the ufetubus's attack. x2
You slash the ufetubus!
You kill the ufetubus!
That felt strangely unrewarding.
A wretched star comes into view.
The wretched star glows turbulently.
The lance of force hits you!
* * * LOW HITPOINT WARNING * * *
You are knocked back by the lance of force.
You slam into the stone wall!
You die...

... . ...............
. ...................
. ... ...............
. # ....#.....#*2...#
..
###...###...###°§.##
...
.....#.....#..Z..#....
.. ..
.......○..○°...... ..
.. .......°..........
# .###...###○.@###...
##.## ##.## ##.## # #
..###...###...#
....#.....#.....# ...
.. .. .....h.... #.
...#.....#.....#..
##...#
#...###...###... #.#
##.# ##.## #.# ...# .
.# ... ..


You could see a cacodemon, a wretched star, a raiju and a black mamba
simulacrum.

Vanquished Creatures
  A tentacled starspawn (Abyss:2)
  Gastronok (Lair:3)
  6 nagarajas
  Ilsuiw (Shoals:3)
  A deep elf sorcerer (Abyss:2)
  Aizul (Snake:2)
  An orc warlord (Orc:2)
  Nessos (D:12)
  2 deep elf demonologists (Elf:1)
  Azrael (D:15)
  A lorocyproca (Abyss:2)
  Snorg (D:11)
  Josephine (D:12)
  3 merfolk javelineers
  3 merfolk impalers (Shoals:3)
  5 salamander tyrants
  9 hydras
  3 demonspawn (Orc:2)
  8 naga warriors
  4 vault guards (D:13)
  6 boulder beetles
  An ogre mage (D:13)
  2 alligator snapping turtles (Shoals:2)
  2 merfolk aquamancers
  2 catoblepae (Lair:6)
  4 centaur warriors
  2 death knights (D:14)
  6 two-headed ogres
  2 satyrs (Shoals:3)
  A dancing weapon (Elf:1)
  10 anacondas
  2 tengu warriors
  7 death yaks
  A deep troll shaman (Lair:6)
  4 shock serpents
  9 naga sharpshooters
  6 orc high priests (Orc:2)
  Nergalle (D:12)
  5 deep elf knights (Elf:1)
  Sonja (D:12)
  6 salamander mystics
  3 skeletal warriors
  A glowing orange brain (shapeshifter) (D:13)
  4 sea snakes
  2 starcursed masses (Abyss:2)
  4 deep elf archers
  7 naga ritualists
  A phantasmal warrior (D:14)
  A lindwurm (Snake:4)
  12 deep elf pyromancers
  A wolf spider (Lair:1)
  7 orc knights
  13 harpies
  7 mana vipers
  19 ugly things
  23 salamanders
  9 deep elf zephyrmancers
  10 orc sorcerers
  3 worldbinders (Abyss:2)
  12 manticores
  3 fauns (Shoals:2)
  4 merfolk sirens
  3 cyclopes
  A black mamba (shapeshifter) (D:10)
  39 black mambas
  4 elephants (Lair:6)
  4 guardian serpents
  2 smoke demons (Abyss:2)
  6 naga magi
  4 orange demons
  2 gargoyles
  3 water nymphs
  10 cane toads
  2 torpor snails
  2 unseen horrors
  7 komodo dragons
  3 freezing wraiths
  A rime drake (Lair:4)
  2 hellwings (Orc:2)
  A tengu conjurer (D:10)
  3 hornets
  13 merfolk
  3 meliai (D:12)
  A queen bee (D:12)
  A red devil (Abyss:2)
  A queen bee (shapeshifter) (D:13)
  2 polar bears (Lair:6)
  3 trolls
  Prince Ribbit (D:7)
  2 wind drakes
  13 blink frogs
  11 dream sheep
  9 snapping turtles
  3 slime creatures (D:10)
  2 shadows (D:13)
  A vampire (D:14)
  5 wraiths (D:12)
  A centaur simulacrum (D:14)
  A ynoxinul (Abyss:2)
  7 water elementals
  3 wyverns
  7 basilisks
  37 yaks
  7 fire elementals
  3 large abominations (Abyss:2)
  A steam dragon (D:10)
  A neqoxec (Abyss:2)
  A human (D:13)
  3 vampire mosquitoes
  A death yak simulacrum (IceCv)
  A harpy simulacrum (IceCv)
  3 wargs
  23 nagas
  18 water moccasins
  4 acid dragons
  Duvessa (D:7)
  3 hell hounds (D:15)
  32 orc warriors
  2 ice beasts
  6 ogres
  2 black bears
  3 small abominations (Abyss:2)
  A necrophage (D:6)
  8 wolves (Lair:6)
  11 centaurs
  4 kobold brigands
  Blork the orc (D:4)
  20 bullfrogs
  3 gnoll sergeants
  2 earth elementals (Elf:1)
  7 scorpions (Elf:1)
  A wyvern skeleton (D:6)
  Dowan (D:7)
  A water moccasin skeleton (D:6)
  27 killer bees
  2 elephant simulacra (IceCv)
  8 wights
  5 centaur zombies
  4 hounds
  2 quasits (Abyss:2)
  2 bullfrog zombies
  A jelly (D:5)
  A gnoll shaman (D:7)
  28 orc priests
  A bullfrog skeleton (D:6)
  An iguana (D:7)
  9 orc wizards
  4 hell rats (D:7)
  2 wolf simulacra (IceCv)
  3 killer bee zombies (D:8)
  4 howler monkey zombies
  7 gnolls
  4 river rats (D:7)
  18 adders
  3 white imps
  2 ufetubi (Abyss:2)
  An adder skeleton (D:4)
  A dart slug (D:5)
  A worm (D:4)
  53 orcs
  5 bats
  14 endoplasms
  2 giant cockroaches
  8 goblins
  9 hobgoblins
  3 jackals (D:4)
  23 kobolds
  11 quokkas
  6 ball pythons
  3 frilled lizards
  22 rats
  A starspawn tentacle (Abyss:2)
982 creatures vanquished.

Vanquished Creatures (others)
  22 fungi
  99 plants
  2 starspawn tentacles (Abyss:2)
123 creatures vanquished.

Grand Total: 1105 creatures vanquished

Notes
Turn   | Place    | Note
-------+----------+-------------------------------------------
     0 | D:1      | pkoi the Minotaur Gladiator began the quest for the Orb.
     0 | D:1      | Reached XP level 1. HP: 18/18 MP: 0/0
   143 | D:1      | Found a faded altar of an unknown god.
   321 | D:1      | Reached XP level 2. HP: 17/25 MP: 1/1
  1373 | D:2      | Found Omodig's Antique Weapon Shoppe.
  1384 | D:2      | Reached skill level 5 in Long Blades
  1536 | D:2      | Reached XP level 3. HP: 29/30 MP: 2/2
  2505 | D:3      | Reached XP level 4. HP: 28/37 MP: 3/3
  3029 | D:3      | Reached skill level 1 in Armour
  3391 | D:4      | Noticed Blork the orc
  3533 | D:4      | Identified a scroll of acquirement
  3533 | D:4      | Acquired 634 gold pieces
  3628 | D:4      | Noticed an orc warrior
  3683 | D:3      | Reached skill level 3 in Fighting
  4135 | D:5      | Entered Level 5 of the Dungeon
  4164 | D:5      | Found a stormy altar of Qazlal.
  4296 | D:5      | Became a worshipper of Qazlal Stormbringer
  4317 | D:5      | Noticed an ogre
  4323 | D:5      | Killed an ogre
  4324 | D:5      | Reached skill level 1 in Invocations
  4324 | D:5      | Reached XP level 5. HP: 45/45 MP: 3/5
  4351 | D:5      | Identified the +1 leather armour "Fiffuy" {rN+}
  4838 | D:5      | Reached XP level 6. HP: 51/51 MP: 6/6
  5424 | D:6      | Reached XP level 7. HP: 4/57 MP: 6/8
  6153 | D:6      | Reached skill level 5 in Armour
  6450 | D:6      | Reached XP level 8. HP: 63/63 MP: 10/10
  6537 | D:6      | Found a staircase to the Ecumenical Temple.
  6556 | Temple   | Entered the Ecumenical Temple
  7108 | D:7      | Reached * piety under Qazlal
  7112 | D:7      | Reached skill level 5 in Invocations
  7349 | D:7      | Reached skill level 4 in Fighting
  7410 | D:7      | Noticed Prince Ribbit
  7427 | D:7      | Killed Prince Ribbit
  7428 | D:7      | Reached XP level 9. HP: 61/72 MP: 12/12
  7963 | D:7      | Noticed Dowan
  7964 | D:7      | Noticed Duvessa
  7980 | D:7      | Killed Duvessa
  7981 | D:7      | Reached skill level 5 in Fighting
  7987 | D:7      | Killed Dowan
  8146 | D:7      | Reached ** piety under Qazlal
  8242 | D:7      | Reached skill level 10 in Long Blades
  9149 | D:8      | Found a basalt altar of Yredelemnul.
  9157 | D:8      | Reached *** piety under Qazlal
  9158 | D:8      | Reached skill level 6 in Fighting
  9663 | D:8      | Reached XP level 10. HP: 67/84 MP: 14/14
  9977 | D:9      | Noticed a death yak
 10355 | D:8      | Killed a death yak
 10356 | D:8      | Reached skill level 7 in Fighting
 10619 | D:9      | Noticed a death yak
 10624 | D:9      | Noticed a death yak
 10643 | D:9      | Killed a death yak
 10648 | D:9      | Killed a death yak
 10950 | D:9      | Noticed a two-headed ogre
 10953 | D:9      | Reached skill level 8 in Fighting
 10953 | D:9      | Reached skill level 10 in Armour
 10957 | D:9      | Killed a two-headed ogre
 11384 | D:9      | Found a staircase to the Lair.
 11781 | Lair:1   | Entered Level 1 of the Lair of Beasts
 11781 | Lair:1   | Noticed a six-headed hydra
 11907 | Lair:1   | Killed a three-headed hydra
 11908 | Lair:1   | Reached XP level 11. HP: 63/95 MP: 16/16
 12567 | Lair:1   | Reached skill level 9 in Fighting
 12677 | Lair:1   | Paralysed by a hornet for 2 turns
 12717 | Lair:1   | Noticed a wolf spider
 12725 | Lair:1   | Killed a wolf spider
 13666 | Lair:2   | Noticed a seven-headed hydra
 13673 | Lair:2   | Killed a three-headed hydra
 13707 | Lair:2   | Reached skill level 10 in Fighting
 13750 | Lair:2   | Found a frozen archway.
 13762 | IceCv    | Entered an ice cave
 14022 | IceCv    | Noticed a white ugly thing
 14033 | IceCv    | Killed a white ugly thing
 14450 | Lair:2   | Noticed a four-headed hydra
 14460 | Lair:2   | Killed a one-headed hydra
 15193 | Lair:3   | Noticed Gastronok
 15293 | Lair:3   | Killed Gastronok
 15294 | Lair:3   | Reached skill level 10 in Invocations
 15294 | Lair:3   | Reached XP level 12. HP: 56/108 MP: 6/18
 15655 | Lair:3   | Reached skill level 11 in Fighting
 15658 | Lair:3   | Found a staircase to the Shoals.
 16038 | Lair:3   | Found a staircase to the Snake Pit.
 16048 | Lair:3   | Noticed a boulder beetle
 16056 | Lair:3   | Killed a boulder beetle
 16475 | Lair:3   | Acquired a manual of Fighting
 16821 | Lair:4   | Reached skill level 12 in Fighting
 17586 | Lair:4   | Reached skill level 13 in Fighting
 17908 | Lair:4   | Found the amulet of the Air {Inacc Air Fly rElec RMsl}
 18119 | Lair:5   | Noticed a seven-headed hydra
 18127 | Lair:5   | Killed a three-headed hydra
 18904 | Lair:5   | Found a transporter.
 18907 | Lair:5   | Found a transporter.
 18945 | Lair:5   | Reached XP level 13. HP: 101/123 MP: 20/20
 18950 | Lair:5   | Reached skill level 14 in Fighting
 18990 | Lair:5   | Noticed demenzo's ghost (journeyman DjTm)
 19030 | Lair:5   | Reached skill level 15 in Long Blades
 19320 | Lair:5   | Found a bloodstained altar of Trog.
 19846 | Lair:6   | Entered Level 6 of the Lair of Beasts
 20020 | Lair:6   | Found a runed translucent door.
 20021 | Lair:6   | Found a viscous altar of Jiyva.
 20022 | Lair:6   | Found a staircase to the Slime Pits.
 20313 | Lair:6   | Reached skill level 15 in Fighting
 20669 | Lair:6   | Reached **** piety under Qazlal
 20992 | Lair:6   | Reached skill level 16 in Fighting
 21102 | Lair:6   | Reached skill level 1 in Evocations
 21535 | Lair:6   | Acquired the +3 crown of Dyrovepreva {rElec Int+2 SInv}
 21535 | Lair:6   | Found the +3 crown of Dyrovepreva {rElec Int+2 SInv}
 22049 | D:10     | Entered Level 10 of the Dungeon
 22431 | D:10     | Found Qotseer's Weapon Shop.
 22434 | D:10     | Found Vaqa's Antique Weapon Boutique.
 22589 | D:10     | Found a staircase to the Orcish Mines.
 23139 | D:10     | Found a portal to a secret trove of treasure.
 23501 | D:11     | Reached XP level 14. HP: 138/138 MP: 22/22
 23560 | D:11     | Reached skill level 17 in Fighting
 23588 | D:11     | Noticed Snorg
 23597 | D:11     | Killed Snorg
 23794 | D:11     | Paralysed by a hornet for 3 turns
 24546 | D:12     | Found Qenaguor's Antique Armour Shop.
 24664 | D:12     | Noticed Nergalle
 24675 | D:12     | Noticed Nessos
 24678 | D:12     | Killed Nergalle
 24680 | D:12     | Killed Nessos
 24845 | D:12     | Noticed Sonja
 24846 | D:12     | Killed Sonja
 24847 | D:12     | Noticed Josephine
 24855 | D:12     | Killed Josephine
 25720 | D:4      | Killed Blork the orc
 27203 | D:12     | Reached skill level 18 in Fighting
 27203 | D:12     | Reached skill level 1 in Bows
 28147 | Shoals:1 | Entered Level 1 of the Shoals
 28595 | D:13     | Found Qeywuot's Antique Armour Shoppe.
 28623 | D:13     | Bought a crude cloak for 190 gold pieces
 28623 | D:13     | Identified the +0 cloak "Qoxzesei" {Rampage rC+ Int+4} (You
                  | bought it in a shop on level 13 of the Dungeon)
 29966 | D:13     | Paralysed by an ogre mage for 7 turns
 29976 | D:13     | Reached skill level 5 in Bows
 30427 | D:13     | Paralysed by an orc sorcerer for 5 turns
 30767 | D:13     | Found a gate to the Vaults.
 31299 | D:14     | Reached XP level 15. HP: 123/150 MP: 14/25
 31931 | D:14     | Reached skill level 15 in Invocations
 32668 | Snake:1  | Entered Level 1 of the Snake Pit
 34468 | Lair:3   | Acquired 305 gold pieces
 34470 | Lair:3   | Acquired 1139 gold pieces
 35965 | Snake:2  | Reached skill level 10 in Bows
 37238 | Snake:2  | Noticed a nagaraja
 37247 | Snake:2  | Killed a nagaraja
 39748 | Shoals:1 | Reached XP level 16. HP: 97/159 MP: 27/27
 42488 | Shoals:3 | Noticed Ilsuiw
 42514 | Shoals:3 | Killed Ilsuiw
 42870 | Orc:1    | Entered Level 1 of the Orcish Mines
 43486 | Orc:2    | Entered Level 2 of the Orcish Mines
 44023 | Orc:2    | Found a staircase to the Elven Halls.
 44209 | Orc:2    | Found Duot's General Store.
 44215 | Orc:2    | Found Vuucytet's General Store.
 44322 | Orc:2    | Bought 2 potions of heal wounds for 140 gold pieces
 44322 | Orc:2    | Bought a potion of resistance for 140 gold pieces
 44737 | Orc:2    | Found Ypnirphaa's Jewellery Emporium.
 44737 | Orc:2    | Found Onuablob's Antique Armour Shoppe.
 44738 | Orc:2    | Found a one-way gate leading to the halls of Pandemonium.
 44743 | Orc:2    | Bought a buzzing scale mail for 324 gold pieces
 44743 | Orc:2    | Identified the +5 scale mail "Yzeqisar" {rF+} (You bought
                  | it in a shop on level 2 of the Orcish Mines)
 44743 | Orc:2    | Bought a pair of runed boots for 270 gold pieces
 45399 | Elf:1    | Entered Level 1 of the Elven Halls
 45468 | Elf:1    | Noticed an Ice Fiend
 45730 | Elf:1    | Reached skill level 15 in Armour
 46311 | Elf:1    | Reached XP level 17. HP: 162/163 MP: 28/28
 46435 | Elf:1    | Found the +6 arbalest "Damnation" {damnation}
 46468 | Elf:1    | Got the Guide on the Escort
 46488 | Elf:1    | Identified the ring "Naumoxeiff" {EV+4 Int+4}
 46501 | Elf:1    | Found Hibb's Weapon Shoppe.
 49035 | Snake:3  | Noticed Aizul
 49049 | Snake:2  | Killed Aizul
 49050 | Snake:2  | Reached skill level 1 in Crossbows
 50722 | Snake:3  | Reached skill level 5 in Crossbows
 51951 | Snake:4  | Entered Level 4 of the Snake Pit
 53103 | Snake:4  | Reached skill level 10 in Crossbows
 53346 | Snake:4  | Found a bloodstained altar of Trog.
 53487 | Snake:4  | Found Bygiupa's Armour Emporium.
 53492 | Snake:4  | Found Hytiryeno's Book Shoppe.
 54940 | D:15     | Entered Level 15 of the Dungeon
 54945 | D:15     | Noticed Azrael
 54966 | D:15     | Killed Azrael
 55229 | D:15     | Found an iron altar of Okawaru.
 55231 | D:15     | Reached XP level 18. HP: 173/173 MP: 29/29
 55549 | D:15     | Cast into level 2 of the Abyss (a wizard)
 55775 | Abyss:2  | HP: 8/173 [wretched star/lance of force (11)]
 55775 | Abyss:2  | Collided with a stone wall

Illustrated notes

Levels and vault maps discovered:
D:1:      matt_arrival_debris, layout_basic,
          chequers_ecumenical_altar_simple_redux, kennysheep_decorative_pillar,
          minmay_vboxes
D:2:      layout_basic, serial_shops, nicolae_shop_competitors_out_of_business
D:3:      layout_basic
D:4:      layout_basic, uniq_blork_the_orc
D:5:      layout_loops_corners, mainiacjoe_overflow_chevrons,
          corexii_hall_statues_x
D:6:      layout_basic, minmay_temple_entry_mist
D:7:      lemuel_ratsnest, layout_rooms, uniq_duvessa, uniq_prince_ribbit1
D:8:      layout_basic, nicolae_yredelemnul_corpse_copse
D:9:      layout_loops_cross, dpeg_lair_monsters
D:10:     cheibrodos_elevator_heist, layout_basic, orc_0_dummy, serial_shops,
          shop, shop, enter_trove_6, serial_co_window_serial, co_window_paths_a,
          co_window_corner_a, co_window_corner_a, co_window_corner_a,
          co_window_paths_a, co_window_2corner, co_window_2corner,
          co_window_of_opportunity_b, co_window_corner_b, co_window_broadway_c,
          glass_columns_c, glass_columns_a, glass_columns_a, glass_columns_a,
          glass_columns_c, kennysheep_another_room
D:11:     layout_roguey, hangedman_abyss_or_decor_stagger, uniq_snorg
D:12:     layout_layer_cave, special_room [special_room_bee],
          nicolae_inconvenience_store, uniq_josephine, uniq_sonja, uniq_nessos,
          uniq_nergalle
D:13:     layout_loops_cross, grunt_vaults_entry_fortified,
          kennysheep_small_square
D:14:     layout_cave_pods, kennysheep_cross_landing
D:15:     grunt_enter_depths_magical_seal, layout_gridville,
          okawaru_metal_pillars_1_2, uniq_azrael
Temple:   mainiacjoe_temple_cubbyholes
Lair:1:   minmay_lair_venomous_thicket, layout_cave_pods,
          infiniplex_staircase_pool
Lair:2:   layout_concentric_octagons, portal_ice_cave_entry_ice_simulacra
Lair:3:   layout_chaotic_city, minmay_shoals_entry_beasts, dummy_snake_entry,
          grunt_megastairs_3, serial_bayou_shore_b, uniq_gastronok
Lair:4:   layout_hall_layers, cheibrodos_lair_reptile_den,
          infiniplex_staircase_pool_2
Lair:5:   layout_hall_layers, gammafunk_ghost_wrathful_warriors
Lair:6:   grunt_lair_end_beastmaster, layout_gridlike, slime_altar_2
Shoals:1: layout_shoals
Shoals:2: layout_shoals
Shoals:3: layout_shoals, uniq_ilsuiw
Snake:1:  layout_onion_interference
Snake:2:  layout_basic, lemuel_fruit_tree
Snake:3:  nicolae_aizul_guard, layout_concentric_octagons
Snake:4:  snake_pit_salamanders_mu, layout_cave_town, basic_altar,
          nicolae_large_snake_swirl, minmay_shoptagon
Orc:1:    nicolae_orc_accident_1, layout_caves
Orc:2:    pf_orc_diabolical, layout_caves, basic_altar
Elf:1:    layout_geoelf_diagonals, serial_shops,
          nicolae_shop_temple_entry_statues_fountains, minmay_elf_demonology,
          einodemon_barbed_minivault
Abyss:2:  base: D:15, hangedman_abyss_or_decor_passed,
          hangedman_elemental_corridor

Skill      XL: |  1  2  3  4  5  6  7  8  9 10 11 12 13 14 15 16 17 |
---------------+----------------------------------------------------+-----
Long Blades    | 4 5 6 7 8 9 10 11 13 14 16 17 | 17.5
Armour         | 2 3 4 5 7 9 10 12 15 | 15.3
Fighting       | 3 4 6 8 10 13 16 18 | 18.5
Invocations    | 1 3 4 5 7 8 10 11 13 14 16 17 | 17.3
Evocations     | 2 3 |  3.0
Bows           | 6 11 14 | 14.5
Crossbows      | 11 | 11.8
Throwing       | |  2.0
Dodging        | |  3.7

Action                   |  1- 3 |  4- 6 |  7- 9 | 10-12 | 13-15 | 16-18 || total
-------------------------+-------+-------+-------+-------+-------+-------++-------
Melee: Long sword        |    94 |    92 |       |       |       |       ||   186
       Headbutt          |    14 |    17 |    37 |    80 |   191 |   176 ||   515
       Punch             |     1 |     2 |     2 |     4 |    10 |     5 ||    24
       Scimitar          |       |       |   256 |   379 |   737 |   522 ||  1894
       Great sword       |       |       |       |       |       |   174 ||   174
 Fire: Longbow           |       |       |       |       |   390 |   471 ||   861
       Arbalest          |       |       |       |       |       |    22 ||    22
Throw: Throwing net      |       |       |       |       |     4 |     2 ||     6
Invok: Upheaval          |       |       |     1 |    21 |    26 |    26 ||    74
  Use: Scroll            |       |    10 |     3 |    13 |     9 |     1 ||    36
       Potion            |       |     1 |     2 |     2 |     1 |     3 ||     9
 Stab: Petrified         |       |       |       |       |     5 |       ||     5
Armor: Leather armour    |    36 |     1 |       |       |       |       ||    37
       Chain mail        |       |    60 |   125 |   116 |   422 |   119 ||   842
       Scale mail        |       |       |       |       |       |    29 ||    29
       Plate armour      |       |       |       |       |       |   203 ||   203
Dodge: Dodged            |    66 |    39 |   110 |   238 |   472 |   377 ||  1302
       Repelled          |       |       |       |       |    13 |    13 ||    26
Block: Other             |       |       |    13 |    51 |   164 |   266 ||   494
       Reflection        |       |       |       |       |       |    28 ||    28
